 Dungeon Crawl Stone Soup version 0.27-a0-492-ga4bb394fd4 (webtiles) character file.

Game seed: 8078262817956516846

352 Nattfarinn the Changer (level 6, 0/38 HPs)
             Began as an Octopode Transmuter on Mar 2, 2021.
             Succumbed to an orc wizard's poison
             ... on level 4 of the Dungeon.
             The game lasted 00:06:32 (3980 turns).

Nattfarinn the Changer (Octopode Transmuter)        Turns: 3980, Time: 00:06:33

Health: 0/38       AC:  6    Str: 10    XL:     6   Next: 62%
Magic:  7/9        EV: 19    Int: 17    God:
Gold:   178        SH:  0    Dex: 17    Spells: 5/9 levels left

rFire    . . .     SeeInvis .     - Unarmed
rCold    . . .     Faith    .   (shield currently unavailable)
rNeg     . . .     Spirit   .   (helmet currently unavailable)
rPois    x         Reflect  .   (no amulet)
rElec    .         Harm     .   j - +4 ring of protection
rCorr    .         Rampage  .   (no ring)
Will     .....                  (no ring)
Stlth    ++........             (no ring)
HPRegen  0.12/turn              (no ring)
MPRegen  0.11/turn              (no ring)
                                (no ring)
                                (no ring)

@: lethally poisoned (0 -> -61), spider-form (expiring)
A: tiny, almost no armour, stealthy swim, (amphibious), 8 rings, (constrict 8)
a: End Transformation


You were on level 4 of the Dungeon.
You were a venomous arachnid creature.
You visited 1 branch of the dungeon, and saw 4 of its levels.

You collected 178 gold pieces.

Inventory:

Missiles
 e - 6 atropa-tipped darts (quivered)
Jewellery
 h - an amulet of faith
 j - a +4 ring of protection (left front leg)
Wands
 d - a wand of mindburst (11)
Scrolls
 a - 2 scrolls of enchant weapon
 b - 3 scrolls of identify
 c - a scroll of random uselessness {unknown}
 i - 2 scrolls of amnesia


   Skills:
 - Level 1.0 Fighting
 - Level 2.0 Dodging
 - Level 3.0 Unarmed Combat
 - Level 2.0 Spellcasting
 + Level 6.8 Transmutations


You had 5 spell levels left.
You knew the following spells:

 Your Spells              Type           Power        Failure   Level
a - Beastly Appendage     Tmut           50%          5%          1
b - Spider Form           Tmut/Pois      6%           32%         3

Your spell library contained the following spells:

 Spells                   Type           Power        Failure   Level
 Wereblood                Tmut           25%          8%          2
 Blade Hands              Tmut           12%          54%         5
 Ice Form                 Ice/Tmut       13%          65%         4


Dungeon Overview and Level Annotations

Branches:
Dungeon (4/15)
 Temple: D:4-7

Altars:
Kikubaaqudgha
Nemelex Xobeh


Innate Abilities, Weirdness & Mutations

You cannot wear most types of armour.
You are very stealthy in the water. (Stealth+)
((You are amphibious.))
You can wear up to eight rings at the same time.
((You can use your tentacles to constrict eight enemies at once.))
((Your skin changes colour to match your surroundings (Stealth+).))
((Your rubbery body absorbs attacks. (AC +1, EV +1)))


Message History

You kill the orc!
The orc wizard gestures at itself while chanting.
The orc wizard flickers and vanishes!
Deactivating autopickup; reactivate with Ctrl-A.
Things that are here:
a +0 hand axe; a +0 leather armour You hit something.
Your transformation is almost over.
Something hits you.
You are poisoned.
You closely miss something.
You feel sick. Something hits you.
You are more poisoned.
You closely miss something.
You feel very sick. Something hits you but does no damage.
You are lethally poisoned!
You hit something.
You feel sick. Something hits you but does no damage.
You are more poisoned.
You completely miss something.
You feel very sick.
You closely miss something.
You feel very sick. Something hits you but does no damage.
You are more poisoned.
You barely miss something.
You feel very sick. Something closely misses you.
You hit something but do no damage.
You feel very sick.
You hear some strange, mumbled words.
A magic dart appears from out of thin air!
The magic dart hits you!
* * * LOW HITPOINT WARNING * * *
Unknown command.
You aren't carrying any potions.
You aren't carrying any potions.
You hit something.
You die...

#. #. #.##
#...
#..##...>. .o.
....# #{#
#...# #s#
#.#.# #.#
#.#.# #.#
#.#.# #+#
#.###.#.# #.#
#.......# #.#
#####.#####
##.#
#.........#
##...
#.###.###.#
#(...
#.###.#####...


You could see an orc.

Vanquished Creatures
  Sigmund (D:2)
  A vampire bat (D:3)
  A hound (D:4)
  4 adders
  An ooze (D:3)
  2 worms (D:2)
  A dart slug (D:1)
  2 leopard geckos
  11 orcs
  6 bats
  5 bat skeletons (D:3)
  A bat zombie (D:3)
  4 giant cockroaches
  2 goblins (D:2)
  6 hobgoblins
  3 kobolds
  2 quokkas (D:2)
  2 frilled lizards
  4 rats
59 creatures vanquished.

Notes
Turn   | Place    | Note
-------+----------+-------------------------------------------
     0 | D:1      | Nattfarinn the Octopode Transmuter began the quest for the
                  | Orb.
     0 | D:1      | Reached XP level 1. HP: 13/13 MP: 3/3
   451 | D:1      | Reached XP level 2. HP: 16/18 MP: 5/5
  1022 | D:1      | Reached skill level 3 in Transmutations
  1339 | D:2      | Reached XP level 3. HP: 12/23 MP: 6/6
  1510 | D:2      | Learned a level 3 spell: Spider Form
  1790 | D:2      | Noticed Sigmund
  2096 | D:2      | Killed Sigmund
  2097 | D:2      | Reached skill level 5 in Transmutations
  2097 | D:2      | Reached XP level 4. HP: 20/28 MP: 4/7
  2097 | D:2      | Reached XP level 5. HP: 24/33 MP: 4/8
  2216 | D:2      | Reached skill level 6 in Transmutations
  2573 | D:2      | Reached XP level 6. HP: 38/38 MP: 9/9
  2836 | D:3      | Found a sparkling altar of Nemelex Xobeh.
  3184 | D:3      | Found an ancient bone altar of Kikubaaqudgha.
  3980 | D:4      | Succumbed to an orc wizard's poison

Illustrated notes

Levels and vault maps discovered:
D:1:      psy_arrival_whirlpool, layout_basic, chequers_serial_rivers_large_b
D:2:      layout_basic, uniq_sigmund
D:3:      layout_basic, nemelex_xobeh_ov_fountains_minmay,
          kennysheep_vampire_church
D:4:      layout_loops_corners, vehumet_statue, tgw_trog, tso_metal_star

Skill      XL: |  1  2  3  4  5 |
---------------+----------------+-----
Transmutations | 3 5 6 |  6.8
Fighting       | |  1.0
Dodging        | |  2.0
Unarmed Combat | |  3.0
Spellcasting   | |  2.0

Action                   |  1- 3 |  4- 6 || total
-------------------------+-------+-------++-------
Melee: Unarmed           |    74 |   116 ||   190
       Constrict         |    20 |    21 ||    41
       Tentacles         |    13 |     7 ||    20
       Punch             |     2 |     1 ||     3
Throw: Dart              |     1 |       ||     1
 Cast: Spider Form       |     2 |     5 ||     7
Evoke: Wand              |       |     1 ||     1
  Use: Scroll            |     3 |       ||     3
       Potion            |     2 |       ||     2
 Stab: Sleeping          |     2 |     5 ||     7
Armor: Skin              |    33 |    37 ||    70
Dodge: Dodged            |    33 |    82 ||   115

Table legend: (Time is in decaauts)
 A = Elapsed time spent in this place.
 B = Non-inter-level travel time spent in this place.
 C = Inter-level travel time spent in this place.
 D = Time resting spent in this place.
 E = Time spent auto-exploring this place.
 F = Levels seen in this place.
 G = Mean time per level.
                   A        B        C        D        E       F      G
               +--------+--------+--------+--------+--------+-----+--------+
         Total |   3968 |   3861 |    107 |   1064 |   2335 |   4 |  992.0 |
       Dungeon |   3968 |   3861 |    107 |   1064 |   2335 |   4 |  992.0 |
               +--------+--------+--------+--------+--------+-----+--------+

Top non-repeatable levels by time:
     D:2: 1451 daAuts
     D:1: 1271 daAuts
     D:3: 1147 daAuts
     D:4: 97 daAuts
